 Dungeon Crawl Stone Soup version 0.20.1-1-g8b1a95d (console) character file.

178 bli the Conjurer (level 5, -8/38 HPs)
             Began as a Draconian Conjurer on July 16, 2017.
             Killed by divine providence
             ... invoked by an orc priest
              (14 damage)
             ... on level 4 of the Dungeon.
             The game lasted 00:09:47 (2071 turns).

bli the Conjurer (Draconian Conjurer)               Turns: 2071, Time: 00:09:48

Health: -8/38      AC:  8    Str: 11    XL:     5   Next: 32%
Magic:  2/10       EV: 12    Int: 12    God:
Gold:   166        SH:  0    Dex: 12    Spells: 9/10 levels left

rFire    . . .     SeeInvis .   a - +1 short sword (vamp)
rCold    . . .     Gourm    .   (no shield)
rNeg     . . .     Faith    .   (armour unavailable)
rPois    .         Spirit   .   (helmet restricted)
rElec    .         Reflect  .   s - +0 cloak
rCorr    .         Harm     .   t - +0 pair of gloves
MR       .....     Rnd*Tele +   p - +0 pair of boots
Stlth    ++........             (no amulet)
Regen    0.2/turn               n - -3 ring of intelligence (curse)
MPRegen  0.2/turn               w - ring of teleportation (curse)

@: no status effects
A: unfitting armour, cold-blooded, AC +5
a: no special abilities


You were on level 4 of the Dungeon.
You were not hungry.

You visited 1 branch of the dungeon, and saw 4 of its levels.

You collected 166 gold pieces.

Inventory:

Hand Weapons
 a - a +1 vampiric short sword (weapon)
 d - a +2 dagger of venom
 v - a +0 vampiric whip
Armour
 g - a +0 shield
 p - a +0 pair of boots (worn)
 s - a +0 cloak (worn)
 t - a +0 pair of gloves (worn)
Jewellery
 n - a cursed -3 ring of intelligence (left hand)
 w - a cursed ring of teleportation (right hand)
Wands
 u - a wand of clouds (2/9)
Scrolls
 e - 3 scrolls of identify {unknown}
 f - 3 scrolls of remove curse {unknown}
 i - a scroll of enchant armour {unknown}
 l - a scroll of fog {unknown}
 m - a scroll of amnesia {unknown}
 r - 2 scrolls of recharging {unknown}
Potions
 j - 2 potions of cancellation {unknown}
 k - a potion of flight {unknown}
 q - 2 potions of lignification {unknown}
 x - 2 potions of ambrosia {unknown}
Books
 c - a book of Conjurations

   Spells                             Type                      Level
   a - Magic Dart                     Conjuration                  1
   b - Searing Ray                    Conjuration                  2
   c - Dazzling Spray                 Conjuration/Hexes            3
   d - Fulminant Prism                Conjuration/Hexes            4
   e - Force Lance                    Conjuration/Translocation    4
   f - Iskenderun's Mystic Blast      Conjuration                  4
Comestibles
 b - 2 bread rations
 h - 2 meat rations
 o - 3 chunks of flesh


   Skills:
 + Level 0.2 Fighting
 + Level 2.2 Dodging
 - Level 1.7 Stealth
 * Level 3.4 Spellcasting
 + Level 5.5 Conjurations


You had 9 spell levels left.
You knew the following spells:

 Your Spells              Type           Power        Failure   Level  Hunger
a - Magic Dart            Conj           ###.         2%          1    #......


Dungeon Overview and Level Annotations

Branches:
Dungeon (4/15)
 Temple: D:4-7

Altars:


Innate Abilities, Weirdness & Mutations

Your plain brown scales are hard. (AC +5)
You cannot fit into any form of body armour.
You are cold-blooded and may be slowed by cold attacks.


Message History

The orc wizard hits you with a dagger.
The orc priest calls down the wrath of Beogh upon you.
Beogh smites you!
* * * LOW HITPOINT WARNING * * *
You miss the orc wizard.
Your tail-slap misses the orc wizard.
The orc wizard is heavily wounded.
The orc wizard gestures wildly while chanting.
The orc wizard seems to speed up.
The orc wizard hits you but does no damage. x2
You closely miss the orc wizard.
The orc wizard is heavily wounded.
The orc wizard hits you with a dagger.
* * * LOW HITPOINT WARNING * * *
The orc wizard hits you but does no damage.
You hit the orc wizard.
The orc wizard is heavily wounded.
The orc wizard completely misses you.
The orc priest calls down the wrath of Beogh upon you.
Beogh smites you!
You die...

#.................
#........<..######
###.#..###.## #.#..# #.#
#.#..# #)# #....# #.#
#...####.# #........#
#......o(# ..#
#..#####o########### #.#
#..# #@##........# #.#
#..# #.##.######.# #.#
#..#####.##.### #.###.##
#......)......# #.##....
#...).........####.##..##
##.#########.......[....<
#.###############.....##
#.........###########.#
#########.............#
###############


You could see an orc priest and an orc wizard.

Vanquished Creatures
  Ijyb (D:4)
  An orc wizard (D:4)
  7 gnolls (D:4)
  An adder (D:3)
  A dart slug (D:3)
  2 leopard geckos
  4 orcs
  3 ball pythons
  4 giant cockroaches
  3 hobgoblins
  7 bats
  3 frilled lizards
  3 goblins
  6 kobolds
  A leopard gecko skeleton (D:4)
  7 rats
54 creatures vanquished.

Notes
Turn   | Place    | Note
-------+----------+-------------------------------------------
     0 | D:1      | bli the Draconian Conjurer began the quest for the Orb.
     0 | D:1      | Reached XP level 1. HP: 14/14 MP: 3/3
   225 | D:1      | Reached XP level 2. HP: 20/20 MP: 1/5
   349 | D:1      | You fall through a shaft!
  1032 | D:3      | Reached XP level 3. HP: 26/26 MP: 1/6
  1477 | D:4      | Noticed Ijyb
  1504 | D:4      | Killed Ijyb
  1504 | D:4      | Reached skill level 5 in Conjurations
  1504 | D:4      | Reached XP level 4. HP: 33/33 MP: 0/8
  1953 | D:4      | Reached XP level 5. HP: 17/38 MP: 1/9
  2071 | D:4      | Killed from afar by an orc priest

Skill      XL: |  1  2  3  4 |
---------------+-------------+-----
Dodging        | 2 |  2.2
Conjurations   | 5 |  5.5
Spellcasting   | 3 |  3.4
Fighting       | |  0.2
Stealth        | |  1.7

Action                   |  1- 3 |  4- 6 || total
-------------------------+-------+-------++-------
Melee: Short sword       |    63 |    58 ||   121
       Tailslap          |     6 |     5 ||    11
 Cast: Magic Dart        |    55 |    31 ||    86
 Stab: Sleeping          |     2 |       ||     2
  Eat: Bread ration      |     1 |       ||     1
       Chunk             |     3 |     2 ||     5
Armor: Skin              |    19 |    20 ||    39
Dodge: Dodged            |    38 |    28 ||    66
